 Dungeon Crawl Stone Soup version 0.31-a0-152-g6aa68a64a1 (webtiles) character file.

Game seed: 4021089758349385401

41 qw the Chopper (level 3, -3/23 HPs)
             Began as a Gargoyle Fighter on June 11, 2023.
             Killed from afar by an orc wizard (6 damage)
             ... with a puff of flame
             ... on level 3 of the Dungeon.
             The game lasted 00:00:46 (1787 turns).

qw the Chopper (Gargoyle Fighter)                   Turns: 1787, Time: 00:00:47

Health: -3/23      AC: 14    Str: 21    XL:     3   Next: 52%
Magic:  3/3        EV:  7    Int:  8    God:
Gold:   75         SH:  4    Dex:  9    Spells: 2/2 levels left

rFire   . . .        Y - +0 broad axe
rCold   . . .        c - +0 buckler
rNeg    + . .        a - +0 chain mail
rPois   inf          (no helmet)
rElec   +            (no cloak)
rCorr   .            (no gloves)
SInv    .            n - +1 pair of boots
Will    .....        (no amulet) Stlth
                     (no ring)
HPRegen 0.23/turn    (no ring)
MPRegen 0.08/turn

%: no passive effects
@: no status effects
A: sickness immunity, AC +3, negative energy resistance 1, electricity
resistance, torment resistance 1, petrification resistance
a: no special abilities


You were on level 3 of the Dungeon.
You visited 1 branch of the dungeon, and saw 3 of its levels.

You collected 75 gold pieces.


Innate Abilities, Weirdness & Mutations

You are immune to sickness and miasma.
Your stone body is resilient. (AC +3)
You are immune to poison.
You resist negative energy. (rN+)
You are resistant to electric shocks. (rElec)
You are resistant to unholy torment.
You are immune to petrification.


   Skills:
 - Level 3.2 Fighting
 + Level 3.4 Axes
 - Level 3.2 Armour
 - Level 3.2 Shields


You had 2 spell levels left.
You didn't know any spells.
Your spell library was empty.

Inventory:

Hand Weapons
 h - a +0 whip
 Y - a +0 broad axe (weapon)
Armour
 a - a +0 chain mail (worn)
 c - a +0 buckler (worn)
 n - a +1 pair of boots (worn)
Scrolls
 e - 2 scrolls of identify
Potions
 b - a potion of heal wounds
 d - a potion of might
 f - a potion of cancellation
 g - a potion of mutation {unknown}
 j - a potion of curing {unknown}

Dungeon Overview and Level Annotations

Branches:
Dungeon (3/15)

Altars:
Nemelex Xobeh


Message History

You closely miss something. Something hits you but does no damage.
You miss something.
You hear some strange, mumbled words.
A magic dart appears from out of thin air!
The magic dart hits you.
You hear some strange, mumbled words.
You are confused.
Something hits you but does no damage.
You hear some strange, mumbled words.
Something tries to affect you, but you resist.
You see here a +2 vampiric hand axe.
You miss something. Something hits you but does no damage.
You bump into the rock wall.
Something hits you but does no damage.
You feel less confused.
You hear some strange, mumbled words.
A magic dart appears from out of thin air!
The magic dart hits you.
Enter note:
Enter note: You hit something.
Something hits you but does no damage. x2
You closely miss something. Something hits you but does no damage.
You completely miss something. Something hits you but does no damage.
You hear some strange, mumbled words.
A magic dart appears from out of thin air!
The magic dart hits you but does no damage.
You slash something! Something hits you but does no damage.
You miss something. Something hits you but does no damage.
You miss something.
You hear some strange, mumbled words.
A puff of flame appears from out of thin air!
The puff of flame hits you.
You die...

#.####.# #.# #.####.#
#.# .......###.#
..#........#########.
....##.####......>...
.##.##.# #.#.###.## #
.......#
#.#.###)##.####
##...###
#.#....{)...... ...#
#.#...@).<##### ...#
#.........# #...#
###..........#
#.......#...
#.......#....
..#.......?..
##....####. .. ###..#
..


There were no monsters in sight!

Vanquished Creatures
  A dart slug (D:2)
  4 orcs (D:3)
  A ball python (D:2)
  7 bats
  4 endoplasms
  2 giant cockroaches (D:2)
  5 goblins
  2 kobolds (D:2)
  2 quokkas (D:1)
  A frilled lizard (D:2)
  A rat (D:2)
30 creatures vanquished.

Notes
Turn   | Place    | Note
-------+----------+-------------------------------------------
     0 | D:1      | qw the Gargoyle Fighter began the quest for the Orb.
     0 | D:1      | Reached XP level 1. HP: 14/14 MP: 1/1
     0 | D:1      | 0 ||| qw: Version: 0.2-a-29-gdad1ea2
     0 | D:1      | 0 ||| qw: Game counter: 4069
     0 | D:1      | 0 ||| qw: Always use a shield: true
     0 | D:1      | 0 ||| qw: God list: Okawaru
     0 | D:1      | 0 ||| qw: Allow faded altars: false
     0 | D:1      | 0 ||| qw: Do Orc after D:15 true
     0 | D:1      | 0 ||| qw: Do second Lair branch before Depths: true
     0 | D:1      | 0 ||| qw: Lair rune preference: random
     0 | D:1      | 0 ||| qw: Plans: Normal, Zot:1-4, Slime:5, God:TSO, Crypt,
                  | Tomb, Abyss, Pan, Hells, Win
     0 | D:1      | 0 ||| PLANNING D:1-11
   251 | D:1      | 251 ||| SWAPPING to +0 broad axe.
   252 | D:1      | 252 ||| DROPPING +0 war axe.
   702 | D:1      | Reached XP level 2. HP: 10/19 MP: 2/2
   824 | D:1      | 824 ||| UPGRADING to +0 chain mail.
   834 | D:1      | 834 ||| DROPPING +0 scale mail.
   835 | D:1      | 835 ||| UPGRADING to +1 pair of boots.
   840 | D:1      | 840 ||| READING 2 scrolls labelled YJUMO YLULULI.
   841 | D:1      | 841 ||| READING scroll labelled ONNIUT FYNU.
   842 | D:1      | 842 ||| READING scroll labelled YSSIED RIXU.
   843 | D:1      | 843 ||| DROPPING scroll of blinking.
   949 | D:2      | 949 ||| Stepping ~*~*~tactically~*~*~ (hiding).
  1004 | D:2      | 1004 ||| DROPPING +0 club.
  1046 | D:2      | Reached skill level 3 in Axes
  1182 | D:2      | Reached XP level 3. HP: 23/23 MP: 3/3
  1561 | D:2      | 1561 ||| READING scroll labelled IZOAJO USANO.
  1566 | D:2      | 1566 ||| READING scroll labelled AMEUWY SOAM CUM.
  1567 | D:2      | 1567 ||| DRINKING 2 glowing coppery potions.
  1568 | D:2      | 1568 ||| DRINKING 3 green potions.
  1569 | D:2      | 1569 ||| READING 3 scrolls of identify.
  1569 | D:2      | 1569 ||| IDENTIFYING dark potion
  1570 | D:2      | 1570 ||| READING 2 scrolls of identify.
  1570 | D:2      | 1570 ||| IDENTIFYING bubbling brown potion
  1571 | D:2      | 1571 ||| DROPPING potion of degeneration.
  1572 | D:2      | 1572 ||| DROPPING 2 potions of enlightenment.
  1637 | D:3      | 1637 ||| Stepping ~*~*~tactically~*~*~ (stealth).
  1699 | D:3      | Found a sparkling altar of Nemelex Xobeh.
  1776 | D:3      | HP: 5/23 [something/magic dart (6)]
  1781 | D:3      | HP: 1/23 [something/magic dart (5)]
  1787 | D:3      | Killed from afar by an orc wizard

Levels and vault maps discovered:
D:1:      amcnicky_arrival_gap_in_the_tavern_cellar, layout_basic
D:2:      minmay_spotlight, layout_basic
D:3:      layout_loops_cross, nemelex_spade_bored_becter

Skill      XL: |  1  2 |
---------------+-------+-----
Axes           | 2 3 |  3.4
Fighting       | |  3.2
Armour         | |  3.2
Shields        | |  3.2

Action                     || total
---------------------------++-------
  Melee: Broad axe         ||   126
         War axe           ||     6
    Use: Scroll            ||     7
         Potion            ||     2
 Armour: Scale mail        ||    11
         Chain mail        ||    94
  Dodge: Dodged            ||    46
  Block: Buckler           ||    26

Table legend:
 A = Non-vault XP
 B = Vault XP
 C = Vault XP percentage of total XP
 D = Non-vault monster count
 E = Vault monster count
 F = Vault count percentage of total count
                 A         B        C        D         E       F
            +---------+---------+-------+---------+---------+-------
      Total |      56 |       3 |   5.1 |      28 |       2 |   6.7
            +---------+---------+-------+---------+---------+-------
        D:1 |      10 |       0 |   0.0 |       5 |       0 |   0.0
        D:2 |      30 |       3 |   9.1 |      17 |       2 |  10.5
        D:3 |      16 |       0 |   0.0 |       6 |       0 |   0.0
            +---------+---------+-------+---------+---------+-------
